 Dungeon Crawl Stone Soup version 0.28-a0-477-g0b43c73ce0 (webtiles) character file.

Game seed: 15116224677113161833

62 Kangaroobicon the Cudgeller (level 3, -3/33 HPs)
             Began as a Draconian Berserker on Sept 17, 2021.
             Was a Believer of Trog.
             Slain by an orc (4 damage)
             ... on level 3 of the Dungeon.
             The game lasted 00:17:34 (1773 turns).

Kangaroobicon the Cudgeller (Draconian Berserker)   Turns: 1773, Time: 00:17:34

Health: -3/33      AC:  6    Str: 19    XL:     3   Next: 85%
Magic:  3/3        EV: 12    Int:  7    God:    Trog [**....]
Gold:   99         SH:  0    Dex: 11    Spells: 2/2 levels left

rFire   . . .      SeeInvis .   m - +1 spear (flame)
rCold   . . .      Faith    .   (no shield)
rNeg    . . .      Spirit   .   (armour unavailable)
rPois   .          Reflect  .   (helmet restricted)
rElec   .          Harm     .   h - +0 cloak
rCorr   .          Rampage  .   (no gloves)
Will    .....                   (no boots)
Stlth   +.........              (no amulet)
HPRegen 0.11/turn               (no ring)
MPRegen 0.08/turn               (no ring)

@: no status effects
A: AC +5, unfitting armour, cold-blooded
a: Renounce Religion, Berserk, Trog's Hand


You were on level 3 of the Dungeon.
You worshipped Trog.
Trog was pleased with you.
You visited 1 branch of the dungeon, and saw 3 of its levels.

You collected 99 gold pieces.

Inventory:

Hand Weapons
 a - a +0 mace
 m - a +1 spear of flaming (weapon)
Missiles
 e - 82 arrows
 l - 32 stones (quivered)
Armour
 h - a +0 cloak (worn)
Magical Staves
 b - a staff of cold
Scrolls
 c - a scroll of blinking {unknown}
 d - 2 scrolls of magic mapping {unknown}
 k - 2 scrolls of identify {unknown}
Potions
 f - 2 potions of invisibility {unknown}
 g - a potion of flight {unknown}
 i - a potion of resistance {unknown}
 j - a potion of lignification {unknown}
 n - a potion of curing {unknown}


   Skills:
 + Level 3.7 Fighting
 + Level 4.0 Maces & Flails
 + Level 0.3 Polearms
 + Level 3.2 Dodging


You had 2 spell levels left.
You didn't know any spells.
Your spell library was empty.

Dungeon Overview and Level Annotations

Branches:
Dungeon (3/15)

Altars:


Innate Abilities, Weirdness & Mutations

Your plain brown scales are hard. (AC +5)
You cannot fit into any form of body armour.
You are cold-blooded and may be slowed by cold attacks.


Message History

You see here a worm corpse.
l - 32 stones (gained 1)
l - 34 stones (gained 2) 3 orcs come into view.
An orc is wielding a +0 dagger and wearing a +3 leather armour of fire resistance.
The orc shouts! x2
An orc priest comes into view. It is wielding a +0 hand axe.
An orc comes into view. It is wielding a +0 dagger of speed.
The orc moves out of view.
Throw: 34 stones
Press: ? - help, Q - select action, (/) - cycle Shift-Dir - straight line, f - orc priest
Aim: an orc priest, wielding a +0 hand axe (wandering, hasn't noticed you, 56% to hit)
You throw a stone. The stone closely misses the orc.
The orc shouts!
The stone hits the orc priest but does no damage.
Throw: 33 stones
Press: ? - help, Q - select action, (/) - cycle Shift-Dir - straight line, f - orc
Aim: an orc, wielding a +0 dagger and wearing a +3 leather armour of fire resistance (56% to hit)
You throw a stone. The stone barely misses the orc.
You barely miss the orc. The orc hits you but does no damage.
You barely miss the orc.
You tail-slap the orc, but do no damage.
The orc priest looks braver for a moment.
The orc priest invokes the aid of Beogh against you.
Pain shoots through your body!
* * * LOW HITPOINT WARNING * * *
You hit the orc but do no damage.
Your tail-slap misses the orc.
The orc completely misses you.
You barely miss the orc. The orc hits you with a +0 dagger.
* * * LOW HITPOINT WARNING * * *
The orc priest hits you with a +0 hand axe.
* * * LOW HITPOINT WARNING * * *
You hit the orc.
Your tail-slap misses the orc.
The orc is moderately wounded.
The orc barely misses you.
The orc priest casts a cantrip, but nothing happens.
You closely miss the orc.
The orc is moderately wounded.
The orc hits you with a +0 dagger.
You die...

#.###.##.###.####.###..#
......##.....# #.......#
#.....####.###
#......... ####...###.#
#.......#. ...........#
#..###### ####...###.#
#..# ##.## #.# #..# #.#
... #..## ..# .... #@..#
#... ..(.oooo..# #.##
.)...####..# #. ....#
..# ..# ..# ..# ..#


You could see an orc priest and 3 orcs.

Vanquished Creatures
  3 adders
  2 worms
  A dart slug (D:2)
  2 endoplasms
  A giant cockroach (D:2)
  A goblin (D:1)
  2 hobgoblins
  3 quokkas
  5 ball pythons
  3 bats
  A jackal skeleton (D:2)
  A kobold (D:1)
  4 rats
29 creatures vanquished.

Vanquished Creatures (others)
  4 plants (D:1)
4 creatures vanquished.

Grand Total: 33 creatures vanquished

Notes
Turn   | Place    | Note
-------+----------+-------------------------------------------
     0 | D:1      | Kangaroobicon the Draconian Berserker began the quest for
                  | the Orb.
     0 | D:1      | Reached XP level 1. HP: 19/19 MP: 1/1
   301 | D:1      | Reached XP level 2. HP: 23/26 MP: 2/2
   909 | D:2      | Reached XP level 3. HP: 15/31 MP: 3/3
  1737 | D:3      | Reached skill level 4 in Maces & Flails
  1751 | D:3      | Reached ** piety under Trog
  1771 | D:3      | HP: 1/33 [orc priest (2)]
  1773 | D:3      | Slain by an orc

Illustrated notes

Levels and vault maps discovered:
D:1:      giann_wishing_wells, layout_basic, serial_bayou_lagoon_a
D:2:      layout_basic, kennysheep_cluttered_room, minivault_14,
          palyth_stone_intersect, moated_statue
D:3:      layout_loops_ring, grunt_temple_overflow_bloody_war,
          nicolae_sif_muna_little_library, mainiacjoe_overflow_catch_the_wave

Skill      XL: |  1  2  3 |
---------------+----------+-----
Dodging        | 3 |  3.2
Maces & Flails | 4 |  4.0
Fighting       | |  3.7
Polearms       | |  0.3

Action                   || total
-------------------------++-------
Melee: Mace              ||    77
       Tailslap          ||     9
       Spear             ||    22
Throw: Stone             ||    10
Armor: Skin              ||    21
Dodge: Dodged            ||    57

Table legend: (Time is in decaauts)
 A = Elapsed time spent in this place.
 B = Non-inter-level travel time spent in this place.
 C = Inter-level travel time spent in this place.
 D = Time resting spent in this place.
 E = Time spent auto-exploring this place.
 F = Levels seen in this place.
 G = Mean time per level.
                   A        B        C        D        E       F      G
               +--------+--------+--------+--------+--------+-----+--------+
         Total |   1803 |   1803 |      0 |      0 |    157 |   3 |  601.0 |
       Dungeon |   1803 |   1803 |      0 |      0 |    157 |   3 |  601.0 |
               +--------+--------+--------+--------+--------+-----+--------+

Top non-repeatable levels by time:
     D:2: 1064 daAuts
     D:1: 645 daAuts
     D:3: 92 daAuts
